 Dungeon Crawl Stone Soup version 0.23-a0-470-g6f7cfd9739 (webtiles) character file.

4 Hebeqt the Skirmisher (level 1, -1/20 HPs)
             Began as a Minotaur Berserker on Nov 27, 2018.
             Was a Follower of Trog.
             Slain by a leopard gecko (3 damage)
             ... on level 1 of the Dungeon.
             The game lasted 00:00:44 (259 turns).

Hebeqt the Skirmisher (Minotaur Berserker)           Turns: 259, Time: 00:00:44

Health: -1/20      AC:  2    Str: 21    XL:     1   Next: 58%
Magic:  0/0        EV: 12    Int:  4    God:    Trog [*.....]
Gold:   72         SH:  0    Dex:  9    Spells: 0/0 levels left

rFire    . . .     SeeInvis .   a - +0 hand axe
rCold    . . .     Gourm    .   (no shield)
rNeg     . . .     Faith    .   b - +0 animal skin
rPois    .         Spirit   .   (helmet restricted)
rElec    .         Reflect  .   (no cloak)
rCorr    .         Harm     .   (no gloves)
MR       .....                  (no boots)
Stlth    +.........             (no amulet)
HPRegen  0.06/turn              (no ring)
MPRegen  0.07/turn              (no ring)

@: no status effects
A: retaliatory headbutt, horns 2
a: Berserk, Renounce Religion


You were on level 1 of the Dungeon.
You worshipped Trog.
Trog was aware of your devotion.
You were not hungry.

You visited 1 branch of the dungeon, and saw 1 of its levels.

You collected 72 gold pieces.

Inventory:

Hand Weapons
 a - a +0 hand axe (weapon)
Armour
 b - a +0 animal skin (worn)
Jewellery
 d - an uncursed ring of stealth {unknown}
Scrolls
 e - a scroll of random uselessness {unknown}
 f - a scroll of identify {unknown}
Comestibles
 c - a ration


   Skills:
 + Level 3.8 Fighting
 + Level 3.8 Axes
 + Level 2.5 Armour
 + Level 2.2 Dodging


You couldn't memorise any spells.
You didn't know any spells.
Your spell library was empty.

Dungeon Overview and Level Annotations

Branches:
Dungeon (1/15)

Altars:


Innate Abilities, Weirdness & Mutations

You reflexively headbutt those who attack you in melee.
You have a pair of horns on your head.


Message History

You barely miss the hobgoblin.
The hobgoblin is heavily wounded.
You hit the leopard gecko. The leopard gecko bites you.
The hobgoblin hits you but does no damage.
You are too injured to fight recklessly!
You are too injured to fight recklessly!
You are too injured to fight recklessly!
You are too injured to fight recklessly!
You hit the leopard gecko but do no damage.
The leopard gecko is almost dead.
You closely miss the hobgoblin. The leopard gecko bites you.
* * * LOW HITPOINT WARNING * * *
The hobgoblin closely misses you. The leopard gecko bites you.
* * * LOW HITPOINT WARNING * * *
You closely miss the leopard gecko.
The leopard gecko is almost dead.
You closely miss the hobgoblin.
The hobgoblin hits you but does no damage.
The leopard gecko bites you.
You die...

..#...........####......#
#...... ..'............
#......# #......
..#............ #...#...
#...... ...............
#...#....##.....
.#.............#
#...#....####...
................##...#....#
####
........................
#..
..............%.l.......
...
...............g@.......
...
...............#........
...
.#.............#........
...
.#.............#........
...
.#.............#........
...
.#.............#........
#..
.#.............#........
###
.#.....................#
.......................#


You could see a leopard gecko and a hobgoblin.

Vanquished Creatures
  A dart slug (D:1)
  A ball python (D:1)
  A bat (D:1)
  A rat (D:1)
4 creatures vanquished.

Notes
Turn   | Place    | Note
-------+----------+-------------------------------------------
     0 | D:1      | Hebeqt the Minotaur Berserker began the quest for the Orb.
     0 | D:1      | Reached XP level 1. HP: 19/19 MP: 0/0
   259 | D:1      | Slain by a leopard gecko

Vault maps used:
D:1:      dpeg_arrival_three_bigger_balls

Action                   || total
-------------------------++-------
Melee: Hand axe          ||    10
       Headbutt          ||     1
Armor: Animal skin       ||     1
Dodge: Dodged            ||     6

Table legend:
 A = Non-vault XP
 B = Vault XP
 C = Vault XP percentage of total XP
 D = Non-vault monster count
 E = Vault monster count
 F = Vault count percentage of total count
                 A         B        C        D         E       F
            +---------+---------+-------+---------+---------+-------
      Total |       7 |       0 |   0.0 |       4 |       0 |   0.0
            +---------+---------+-------+---------+---------+-------
        D:1 |       7 |       0 |   0.0 |       4 |       0 |   0.0
            +---------+---------+-------+---------+---------+-------
